 Dungeon Crawl Stone Soup version 0.25-a0-294-gea9b1ad378 (webtiles) character file.

Game seed: 3511600489953970111, levelgen mode: deterministic

149352 kae the Impregnable (level 16, 0/159 HPs)
             Began as a Minotaur Fighter on Dec 19, 2019.
             Was the Champion of Okawaru.
             Slain by a spriggan rider
             ... wielding the cursed +1 spear of the Last Dreams {venom, *Contam +Fly rElec Int-3}
              (7 damage)
             ... on level 3 of the Swamp.
             The game lasted 00:41:50 (35080 turns).

kae the Impregnable (Minotaur Fighter)             Turns: 35080, Time: 00:41:51

Health: 0/159      AC: 46    Str: 32    XL:     16   Next: 96%
Magic:  0/21       EV: 12    Int:  6    God:    Okawaru [******]
Gold:   2393       SH:  0    Dex: 24    Spells: 15/15 levels left

rFire    x . .     SeeInvis .   N - +9 dire flail (flame)
rCold    . . .     Gourm    .   (shield currently unavailable)
rNeg     + + +     Faith    .   H - +1 crystal plate armour
rPois    .         Spirit   +   (helmet restricted)
rElec    .         Reflect  .   O - +1 cloak of Egalitarianism {rN++ Str+4}
rCorr    .         Harm     .   J - +2 pair of gloves {Str+3}
MR       +....                  L - +1 pair of boots of Bionk {Dex+4}
Stlth    ..........             U - amulet of the Good {Spirit rF- rN++ Dex+8}
HPRegen  0.36/turn              V - ring of positive energy
MPRegen  0.17/turn              D - +4 ring of protection

@: lethally poisoned (0 -> -6), heroism
A: retaliatory headbutt, horns 2
a: Heroism, Finesse, Renounce Religion


You were on level 3 of the Swamp.
You worshipped Okawaru.
Okawaru was exalted by your worship.
You were not hungry.

You visited 4 branches of the dungeon, and saw 26 of its levels.
You also visited: Sewer and Gauntlet.

You collected 3195 gold pieces.
You spent 802 gold pieces at shops.

Inventory:

Hand Weapons
 N - a +9 dire flail of flaming (weapon)
 T - the +2 flail of Growth {speed, rF++ rC+ MR+ Str-2}
   (Okawaru gifted it to you on level 2 of the Orcish Mines)

   Attacks with this weapon are significantly faster.
   It affects your strength (-2).
   It greatly protects you from fire.
   It protects you from cold.
   It affects your resistance to hostile enchantments.
Armour
 y - the +5 ring mail of Hopscotch {+Inv rElec}
   (You found it on level 7 of the Dungeon)

   It insulates you from electricity.
   It lets you turn invisible.
 H - a +1 crystal plate armour (worn)
 J - a +2 pair of gloves of strength (worn)
 L - the +1 pair of boots of Bionk (worn) {Dex+4}
   (You found it in a Gauntlet)

   It affects your dexterity (+4).
 O - the +1 cloak of Egalitarianism (worn) {rN++ Str+4}
   (You found it in a Gauntlet)

   It affects your strength (+4).
   It greatly protects you from negative energy.
 S - the +0 chain mail "Nubyos Kets" {rElec rC++ Slay-5}
   (Okawaru gifted it to you on level 14 of the Dungeon)

   It affects your accuracy and damage with ranged weapons and melee attacks
   (-5).
   It greatly protects you from cold.
   It insulates you from electricity.
Jewellery
 z - an uncursed ring of protection from fire
 D - a +4 ring of protection (right hand)
 U - the amulet of the Good (around neck) {Spirit rF- rN++ Dex+8}
   (You bought it in a shop on level 1 of the Orcish Mines)

   [amulet of guardian spirit]

   It causes incoming damage to be split between your health and magic.
   It affects your dexterity (+8).
   It makes you vulnerable to fire.
   It greatly protects you from negative energy.
 V - a ring of positive energy (left hand)
Wands
 g - a wand of flame (122)
 j - a wand of paralysis (11)
 p - a wand of enslavement (9)
 v - a wand of random effects (46)
 C - a wand of acid (32)
 E - a wand of scattershot (14)
 F - a wand of clouds (4)
 K - a wand of disintegration (18)
 Q - a wand of digging (2)
 R - a wand of iceblast (16)
Scrolls
 b - a scroll of magic mapping
 e - 5 scrolls of blinking
 l - 6 scrolls of identify
 n - 13 scrolls of teleportation
 q - 2 scrolls of holy word
 t - 3 scrolls of fear
 u - 15 scrolls of remove curse
 w - 7 scrolls of amnesia
 x - 3 scrolls of enchant weapon
 A - a scroll of fog
 B - 2 scrolls of silence
 W - a scroll of enchant armour
 Y - a scroll of vulnerability
 Z - a scroll of brand weapon
Potions
 a - a potion of ambrosia
 c - a potion of heal wounds
 d - 2 potions of cancellation
 h - 8 potions of brilliance
 i - 7 potions of curing
 k - 2 potions of agility
 m - 2 potions of invisibility
 o - 3 potions of magic
 r - 6 potions of mutation
 s - 7 potions of flight
 I - 3 potions of lignification
 M - 2 potions of resistance
 P - a potion of haste
Comestibles
 f - 31 rations


   Skills:
 - Level 18.9(23.9) Fighting
 - Level 16.3(21.3) Maces & Flails
 + Level 22.5(27) Armour
   Level 3.6(8.6) Shields
 - Level 8.0 Invocations


You had 15 spell levels left.
You didn't know any spells.
Your spell library contained the following spells:

 Spells                   Type           Power        Failure   Level  Hunger
 Confusing Touch          Hex            #.....       93%         1    ##.....
 Corona                   Hex            #......      93%         1    ##.....
 Foxfire                  Conj/Fire      #...         93%         1    ##.....
 Freeze                   Ice            #...         93%         1    ##.....
 Magic Dart               Conj           #...         93%         1    ##.....
 Sandblast                Erth           #.....       93%         1    ##.....
 Blink                    Tloc           N/A          98%         2    ###....
 Call Imp                 Summ           #.......     98%         2    ###....
 Ensorcelled Hibernation  Hex/Ice        #.....       98%         2    ###....
 Passwall                 Tmut/Erth      #.......     98%         2    ###....
 Searing Ray              Conj           #.....       98%         2    ###....
 Shroud of Golubria       Chrm/Tloc      #.....       98%         2    ###....
 Slow                     Hex            #.......     98%         2    ###....
 Confuse                  Hex            #.......     100%        3    ####...
 Conjure Flame            Conj/Fire      #.......     100%        3    ####...
 Dazzling Flash           Conj/Hex       #.....       100%        3    ####...
 Gell's Gravitas          Tloc           #.........   100%        3    ####...
 Inner Flame              Hex/Fire       #.......     100%        3    ####...
 Lesser Beckoning         Tloc           #.........   100%        3    ####...
 Mephitic Cloud           Conj/Pois/Air  #.......     100%        3    ####...
 Ozocubu's Armour         Chrm/Ice       #.......     100%        3    ####...
 Portal Projectile        Hex/Tloc       #.....       100%        3    ####...
 Recall                   Summ/Tloc      N/A          100%        3    ####...
 Stone Arrow              Conj/Erth      #.....       100%        3    ####...
 Teleport Other           Tloc           #.......     100%        3    ####...
 Tukima's Dance           Hex            #.......     100%        3    ####...
 Cause Fear               Hex            #.........   100%        4    #####..
 Fulminant Prism          Conj/Hex       #.........   100%        4    #####..
 Hailstorm                Conj/Ice       #.......     100%        4    #####..
 Iskenderun's Mystic Bla  Conj/Tloc      #.......     100%        4    #####..
 Leda's Liquefaction      Hex/Erth       #.........   100%        4    #####..
 Passage of Golubria      Tloc           N/A          100%        4    #####..
 Petrify                  Tmut/Erth      #.......     100%        4    #####..
 Sticky Flame             Conj/Fire      #.......     100%        4    #####..
 Summon Ice Beast         Ice/Summ       #.......     100%        4    #####..
 Aura of Abjuration       Summ           #.........   100%        5    ######.
 Fireball                 Conj/Fire      #.........   100%        5    ######.
 Lee's Rapid Deconstruct  Erth           #.........   100%        5    ######.
 Metabolic Englaciation   Hex/Ice        #.........   100%        5    ######.
 Summon Demon             Summ           #.........   100%        5    ######.
 Summon Forest            Summ/Tloc      #.........   100%        5    ######.
 Summon Mana Viper        Hex/Summ       #.......     100%        5    ######.
 Yara's Violent Unravell  Hex/Tmut       #.........   100%        5    ######.
 Shadow Creatures         Summ           N/A          100%        6    #######


Dungeon Overview and Level Annotations

Branches:
Dungeon (15/15)            Temple (0/1) D:6            Lair (6/6) D:9
  Swamp (3/4) Lair:3       Spider (0/4) Lair:2        Slime (0/5) Lair:6
    Orc (2/2) D:12            Elf (0/3) Orc:2        Vaults (0/5) D:14
 Depths (0/5) D:15          Sewer (visited)         Gauntlet (visited)

Altars:
Cheibriados
Dithmenos
Fedhas
Makhleb
Okawaru
Ru
Sif Muna
Vehumet
Xom
Beogh

Shops:
D:4 :   D:11 %   Orc:1 =*:}   Orc:2 :*([

Portals:
Hell: Lair:6

Annotations:
D:8 2 transporters
Lair:6 exclusion: 2 doors
Swamp:3 tilp's ghost, adept DrCj


Innate Abilities, Weirdness & Mutations

You reflexively headbutt those who attack you in melee.
You have a pair of horns on your head.


Message History

Tilp's ghost is severely damaged.
You feel sick.
The spriggan rider hits you but does no damage.
Your crystal plate armour prevents you from hitting tilp's ghost.
Your headbutt misses tilp's ghost.
Tilp's ghost is severely damaged.
You feel sick.
Tilp's ghost hits you but does no damage.
You closely miss tilp's ghost.
You headbutt tilp's ghost, but do no damage.
Tilp's ghost is severely damaged.
You feel sick. The spriggan rider closely misses you.
You completely miss tilp's ghost. Your headbutt misses tilp's ghost.
Tilp's ghost is severely damaged.
You feel sick. Tilp's ghost hits you!
* * * LOW HITPOINT WARNING * * *
x2 You sock tilp's ghost!
You burn tilp's ghost.
Tilp's ghost is severely damaged.
The spriggan rider hits you from afar with the cursed +1 spear of the Last Dreams {venom, *Contam +Fly rElec Int-3}!
You die...

♣♣.≈≈≈≈.≈≈.♣♣♣♣≈≈♣♣♣.≈♣♣.≈≈≈.≈...
.......≈♣...♣♣♣♣.≈≈.♣♣♣♣♣.....≈≈≈
≈≈..≈♣≈..♣....♣≈.≈≈≈♣♣♣♣♣≈..≈≈≈≈≈
≈≈♣♣§≈♣..≈..≈≈♣♣≈.≈...≈♣♣.≈...)<.
≈.♣♣♣≈♣♣♣≈♣♣≈♣♣♣♣♣.≈≈..♣♣.≈..≈...
≈.≈♣♣♣♣ ♣♣♣♣♣♣..♣.≈≈≈..♣≈≈.≈≈.♣..
≈.≈♣ ♣♣}♣♣.♣#..≈≈≈...♣§≈≈§.).
≈≈.♣ ♣♣♣♣♣$...♣#∩.≈....≈♣♣...♣.≈.
≈≈.♣ ♣≈♣≈♣ ♣$..#@W..≈♣.≈♣♣♣♣♣♣♣..
≈≈♣♣♣♣.≈≈♣...♣i)....♣♣♣♣♣ ♣..
♣♣♣♣...≈≈♣...♣.#...≈♣ ♣♣≈
♣.......≈♣P ♣..#∩.≈≈♣♣♣♣♣♣ ♣≈.
♣.≈.♣....♣♣♣..♣♣#.≈≈.♣♣..♣ ♣.≈
..≈..≈≈≈..♣♣♣♣.)♣........♣♣♣ ♣≈≈
♣...♣.≈≈≈...≈♣♣♣♣...≈.≈≈§≈≈♣ ♣♣.
♣..≈♣........≈.....≈...≈..♣♣ ♣♣
♣♣♣.♣♣≈..≈≈...♣..♣..≈...≈♣♣ ♣


You could see a spriggan rider and tilp's ghost.

Vanquished Creatures
  Nikola (Swamp:1)
  A tentacled monstrosity (Swamp:2)
  Rupert (Lair:5)
  Jorgrun (Orc:1)
  A sphinx (D:11)
  Kirke (Lair:4)
  An orc warlord (Orc:2)
  A stone giant (Orc:1)
  The ghost of Borgoz the Nimble, a journeyman KoBe of Trog (D:15)
  Nessos (Lair:6)
  A minotaur (Gauntlet)
  The ghost of Shadow153 the Peltast, a journeyman MiFi of Okawaru (D:12)
  Snorg (Lair:3)
  2 fire dragons
  A yaktaur captain (D:11)
  2 ice dragons (D:15)
  Fannar (D:10)
  The ghost of Borgoz the Carver, a journeyman GrFi of Ashenzari (D:12)
  4 vault guards (D:14)
  Erolcha (D:10)
  18 hydras
  A shambling mangrove (Swamp:3)
  A ghost crab (Swamp:2)
  5 centaur warriors
  9 alligators
  2 two-headed ogres
  3 orc high priests (Orc:2)
  An ogre mage (D:14)
  8 death yaks
  Urug (Lair:1)
  Sonja (D:12)
  A sun demon (Lair:6)
  6 skeletal warriors (D:15)
  A sixfirhy (Gauntlet)
  A wizard (Lair:6)
  3 unseen horrors
  Pikel (D:7)
  2 spriggan druids (Swamp:3)
  6 orc knights
  A necromancer (D:15)
  An oklob plant (Lair:1)
  4 orc sorcerers
  3 deep elf magi
  3 ugly things
  2 wolf spiders (D:14)
  9 cyclopes
  A spectral ice dragon (D:15)
  A spectral spriggan (D:15)
  A worldbinder (Gauntlet)
  4 black mambas
  10 elephants
  3 orange demons (Lair:6)
  21 spiny frogs
  A kobold demonologist (D:15)
  4 rime drakes
  A yaktaur (D:14)
  10 komodo dragons
  A hellwing (Lair:6)
  A tengu conjurer (D:14)
  3 red devils (Lair:6)
  7 trolls
  7 hornets
  20 slime creatures
  2 raiju (Gauntlet)
  Prince Ribbit (D:7)
  9 dream sheep
  3 tyrant leeches
  8 blink frogs (Swamp:3)
  A polar bear (Lair:4)
  A meliai zombie (D:15)
  9 bog bodies
  8 hippogriffs
  Sigmund (D:6)
  3 wyverns
  A vampire (D:15)
  5 spriggans
  3 shadows
  3 wraiths
  A human (D:14)
  55 yaks
  3 hogs (Lair:4)
  6 hungry ghosts
  A yaktaur simulacrum (D:15)
  4 basilisks
  24 vampire mosquitoes
  Edmund (D:6)
  6 wargs
  Menkaure (D:6)
  2 soldier ants
  4 hell hounds (Lair:6)
  9 insubstantial wisps
  10 swamp worms
  An acid dragon (D:14)
  14 water moccasins
  4 swamp drakes
  35 orc warriors
  4 porcupines
  4 sky beasts
  17 ogres
  4 ice beasts
  A slave (D:7)
  An ice beast (shapeshifter) (D:13)
  A black bear (D:8)
  3 phantoms
  A necrophage (D:8)
  3 boggarts (Gauntlet)
  A spriggan simulacrum (D:15)
  2 centaurs
  12 crocodiles
  8 big kobolds
  16 bullfrogs
  A water moccasin zombie (D:7)
  4 scorpions
  13 killer bees
  23 wights
  2 howler monkeys
  2 electric eels (Lair:2)
  12 crimson imps
  3 quasits
  2 bullfrog zombies
  3 centaur zombies
  11 hounds
  14 jellies
  5 centaur skeletons
  14 orc priests
  35 orc wizards
  4 bullfrog skeletons
  5 iguanas
  A lightning spire (Gauntlet)
  9 worker ants
  A killer bee zombie (D:8)
  3 hound skeletons
  A howler monkey skeleton (D:6)
  12 adders
  2 river rats
  6 shadow imps
  4 ufetubi (Gauntlet)
  14 oozes
  2 adder zombies
  2 adder skeletons
  2 worms
  4 dart slugs
  5 leopard geckos
  74 orcs
  2 ball pythons
  6 giant cockroaches
  4 goblins (D:1)
  6 hobgoblins
  7 jackals
  24 kobolds
  2 quokkas
  5 bats
  6 frilled lizards
  A jackal zombie (D:5)
  3 leopard gecko skeletons
  9 rats
  2 fungi
  A plant (D:7)
905 creatures vanquished.

Vanquished Creatures (others)
  5 bushes (D:11)
  9 fungi
  12 plants
  5 withered plants (D:12)
31 creatures vanquished.

Grand Total: 936 creatures vanquished

Notes
Turn   | Place    | Note
-------+----------+-------------------------------------------
     0 | D:1      | kae the Minotaur Fighter began the quest for the Orb.
     0 | D:1      | Reached XP level 1. HP: 19/19 MP: 0/0
    73 | D:1      | Reached XP level 2. HP: 18/26 MP: 1/1
   685 | D:2      | Reached XP level 3. HP: 31/31 MP: 2/2
   749 | D:2      | Found an iron altar of Okawaru.
   762 | D:2      | Became a worshipper of Warmaster Okawaru
  1024 | D:2      | Reached skill level 5 in Maces & Flails
  1095 | D:2      | Found a blossoming altar of Fedhas.
  1258 | D:2      | Reached XP level 4. HP: 23/39 MP: 3/3
  2670 | D:4      | Reached XP level 5. HP: 42/45 MP: 4/4
  2877 | D:4      | Reached XP level 6. HP: 22/51 MP: 5/5
  2880 | D:4      | Found Faetipsu's Book Emporium.
  3530 | D:4      | Reached * piety under Okawaru
  3674 | D:4      | Found a radiant altar of Vehumet.
  3674 | D:4      | Found a burning altar of Makhleb.
  3720 | D:5      | Entered Level 5 of the Dungeon
  3720 | D:5      | Noticed an ice beast
  3736 | D:5      | Killed an ice beast
  3736 | D:5      | Reached XP level 7. HP: 25/57 MP: 6/6
  4016 | D:5      | Reached skill level 10 in Maces & Flails
  4896 | D:6      | Found a shimmering altar of Xom.
  4896 | D:6      | Noticed Menkaure
  4951 | D:6      | Reached ** piety under Okawaru
  4968 | D:6      | Noticed Sigmund
  4975 | D:6      | Killed Sigmund
  4975 | D:6      | Reached XP level 8. HP: 50/64 MP: 4/7
  5002 | D:6      | Killed Menkaure
  5112 | D:6      | Noticed Edmund
  5124 | D:6      | Reached skill level 1 in Invocations
  5142 | D:6      | Killed Edmund
  5188 | D:6      | Reached *** piety under Okawaru
  5274 | D:6      | Found a glowing drain.
  5282 | Sewer    | Entered a sewer
  5563 | Sewer    | Reached XP level 9. HP: 44/70 MP: 10/10
  5817 | D:6      | Found a staircase to the Ecumenical Temple.
  6398 | D:7      | Got a smoking ring mail
  6409 | D:7      | Identified the +5 ring mail of Hopscotch {+Inv rElec} (You
                  | found it on level 7 of the Dungeon)
  7052 | D:7      | Noticed Prince Ribbit
  7063 | D:7      | Killed Prince Ribbit
  7063 | D:7      | Reached skill level 5 in Invocations
  7091 | D:7      | Found a sacrificial altar of Ru.
  7548 | D:7      | Noticed Pikel
  7562 | D:7      | Killed Pikel
  7562 | D:7      | Reached **** piety under Okawaru
  7914 | D:7      | Reached XP level 10. HP: 77/77 MP: 11/14
  8341 | D:8      | Reached skill level 5 in Fighting
  8565 | D:8      | Noticed a manticore
  8622 | D:8      | Found a transporter.
  8622 | D:8      | Found a transporter.
  8649 | D:8      | Reached ***** piety under Okawaru
  9107 | D:8      | Found a shimmering blue altar of Sif Muna.
  9217 | D:9      | Noticed a three-headed hydra
  9227 | D:9      | Killed a three-headed hydra
  9233 | D:9      | Reached skill level 10 in Fighting
  9504 | D:9      | Reached XP level 11. HP: 68/101 MP: 13/16
  9707 | D:9      | Found a staircase to the Lair.
  9919 | D:9      | Received a gift from Okawaru
 10407 | D:9      | Noticed a two-headed ogre
 10414 | D:9      | Killed a two-headed ogre
 10737 | D:9      | Found a shadowy altar of Dithmenos.
 10845 | D:9      | Found a snail-covered altar of Cheibriados.
 10937 | D:10     | Entered Level 10 of the Dungeon
 11065 | D:10     | Killed an unseen horror
 11218 | D:10     | Noticed Fannar
 11246 | D:10     | Received a gift from Okawaru
 11261 | D:10     | Killed Fannar
 11535 | D:10     | Noticed Erolcha
 11550 | D:10     | Killed Erolcha
 12202 | Lair:1   | Entered Level 1 of the Lair of Beasts
 12227 | Lair:1   | Reached skill level 15 in Fighting
 12519 | Lair:1   | Noticed Urug
 12933 | Lair:1   | Killed Urug
 12933 | Lair:1   | Reached XP level 12. HP: 121/121 MP: 9/17
 13039 | Lair:1   | Noticed a four-headed hydra
 13062 | Lair:1   | Killed a four-headed hydra
 14054 | Lair:1   | Received a gift from Okawaru
 14273 | Lair:2   | Noticed a five-headed hydra
 14280 | Lair:2   | Killed a five-headed hydra
 14368 | Lair:2   | Found a hole to the Spider Nest.
 14910 | Lair:2   | Noticed a six-headed hydra
 14921 | Lair:2   | Killed a six-headed hydra
 15787 | Lair:3   | Found a staircase to the Swamp.
 16042 | Lair:3   | Noticed Snorg
 16053 | Lair:3   | Killed Snorg
 16695 | Lair:3   | Reached XP level 13. HP: 71/136 MP: 18/18
 16722 | Lair:3   | Received a gift from Okawaru
 17586 | Lair:4   | Received a gift from Okawaru
 17710 | Lair:4   | Reached ****** piety under Okawaru
 17767 | Lair:4   | Reached skill level 15 in Maces & Flails
 17865 | Lair:4   | Noticed Kirke
 17940 | Lair:4   | Killed Kirke
 17940 | Lair:4   | Received a gift from Okawaru
 18613 | Lair:5   | Noticed Rupert
 18640 | Lair:5   | Paralysed by Rupert for 4 turns
 18674 | Lair:5   | Killed Rupert
 19040 | Lair:5   | Reached skill level 4 in Armour
 19056 | Lair:5   | Reached skill level 5 in Armour
 19312 | Lair:5   | Reached skill level 6 in Armour
 19564 | Lair:5   | Received a gift from Okawaru
 19739 | Lair:6   | Entered Level 6 of the Lair of Beasts
 19776 | Lair:6   | Found a gate leading to a gauntlet.
 19844 | Gauntlet | Entered a Gauntlet
 19844 | Gauntlet | Found a transporter.
 19844 | Gauntlet | Found a transporter.
 19914 | Gauntlet | Found a transporter.
 19915 | Gauntlet | Found a transporter.
 19915 | Gauntlet | Found a transporter.
 19915 | Gauntlet | Found a transporter.
 19934 | Gauntlet | Found a runed translucent door.
 19943 | Gauntlet | Found a runed translucent door.
 19943 | Gauntlet | Found a runed translucent door.
 19947 | Gauntlet | Found a transporter.
 19951 | Gauntlet | Found a transporter.
 19962 | Gauntlet | Found a transporter.
 19975 | Gauntlet | Found a transporter.
 19975 | Gauntlet | Noticed a dire elephant
 19992 | Gauntlet | Found a transporter.
 19993 | Gauntlet | Found a transporter.
 20119 | Gauntlet | Reached skill level 7 in Armour
 20178 | Gauntlet | Got a pair of translucent boots
 20184 | Gauntlet | Identified the +1 pair of boots of Bionk {Dex+4} (You found
                  | it in a Gauntlet)
 20237 | Gauntlet | Got a faintly glowing cloak
 20248 | Gauntlet | Identified the +1 cloak of Egalitarianism {rN++ Str+4} (You
                  | found it in a Gauntlet)
 20259 | Gauntlet | Noticed a minotaur
 20269 | Gauntlet | Killed a minotaur
 20269 | Gauntlet | Reached skill level 8 in Armour
 20278 | Gauntlet | Identified Tul Kiy's Disquisition on Orientation and Snow
 20397 | Lair:6   | Received a gift from Okawaru
 20399 | Lair:6   | Reached skill level 9 in Armour
 20413 | Lair:6   | Reached XP level 14. HP: 107/144 MP: 19/19
 20479 | Lair:6   | Reached skill level 10 in Armour
 20996 | Lair:6   | Reached skill level 11 in Armour
 21097 | Lair:6   | Found a staircase to the Slime Pits.
 21194 | Lair:6   | Noticed Nessos
 21211 | Lair:6   | Killed Nessos
 21234 | Lair:6   | HP: 7/144 [poisoned by Nessos]
 21239 | Lair:6   | HP: 6/144 [poisoned by Nessos]
 21246 | Lair:6   | HP: 5/144 [poisoned by Nessos]
 21253 | Lair:6   | HP: 5/144 [poisoned by Nessos]
 21261 | Lair:6   | HP: 6/144 [poisoned by Nessos]
 22131 | Lair:6   | Identified a scroll of acquirement
 22146 | Lair:6   | Reached skill level 12 in Armour
 22173 | Lair:6   | Found a burning altar of Makhleb.
 22194 | Lair:6   | Received a gift from Okawaru
 22513 | Lair:6   | Found a gateway to Hell.
 22951 | D:11     | Reached skill level 13 in Armour
 23147 | D:11     | Found Lastrec's Food Shop.
 23799 | D:12     | Noticed Sonja
 23810 | D:12     | Killed Sonja
 24184 | D:12     | Found a runed translucent gate.
 24185 | D:12     | Found a runed translucent gate.
 24186 | D:12     | Found a staircase to the Orcish Mines.
 24186 | D:12     | Found a runed translucent gate.
 24187 | D:12     | Noticed Shadow153's ghost (journeyman MiFi)
 24188 | D:12     | Noticed Borgoz's ghost (journeyman GrFi)
 24249 | D:12     | Received a gift from Okawaru
 24558 | D:12     | Reached skill level 14 in Armour
 25703 | D:11     | Reached skill level 15 in Armour
 25996 | D:11     | Noticed a sphinx
 26009 | D:11     | Killed a sphinx
 26009 | D:11     | Reached XP level 15. HP: 120/151 MP: 20/20
 26335 | D:14     | Reached skill level 16 in Armour
 26627 | D:14     | Received a gift from Okawaru
 26632 | D:14     | Got a distressingly furry chain mail {god gift}
 26722 | D:14     | Identified the +0 chain mail "Nubyos Kets" {rElec rC++
                  | Slay-5} (Okawaru gifted it to you on level 14 of the
                  | Dungeon)
 26955 | D:14     | Found a gate to the Vaults.
 26958 | D:14     | Reached skill level 17 in Armour
 27467 | D:15     | Entered Level 15 of the Dungeon
 27916 | D:15     | Found a transporter.
 27925 | D:15     | Reached skill level 18 in Armour
 27931 | D:15     | Noticed Borgoz's ghost (journeyman KoBe)
 28255 | D:15     | Found a staircase to the Depths.
 28421 | D:15     | Found a transporter.
 28782 | Orc:1    | Entered Level 1 of the Orcish Mines
 28800 | Orc:1    | Received a gift from Okawaru
 28801 | Orc:1    | Found Ahehuagut's Jewellery Boutique.
 28815 | Orc:1    | Found a roughly hewn altar of Beogh.
 28933 | Orc:1    | Bought the amulet of the Good {Spirit rF- rN++ Dex+8} for
                  | 802 gold pieces
 28939 | Orc:1    | Noticed Jorgrun
 28946 | Orc:1    | Killed Jorgrun
 28952 | Orc:1    | Reached skill level 19 in Armour
 29363 | Orc:2    | Entered Level 2 of the Orcish Mines
 29363 | Orc:2    | Found Cafifufu's Antique Armour Boutique.
 29953 | Orc:2    | Found Avinta's General Store.
 29962 | Orc:2    | Found a staircase to the Elven Halls.
 29968 | Orc:2    | Noticed an orc warlord
 30182 | Orc:2    | Found Padinogh's Antique Weapon Boutique.
 30462 | Orc:2    | Found Pojeghiv's Book Shop.
 30490 | Orc:2    | Reached XP level 16. HP: 155/159 MP: 19/21
 30798 | Orc:2    | Received a gift from Okawaru
 30804 | Orc:2    | Got an ichor-stained flail {god gift}
 30805 | Orc:2    | Identified the +2 flail of Growth {speed, rF++ rC+ MR+
                  | Str-2} (Okawaru gifted it to you on level 2 of the Orcish
                  | Mines)
 30946 | Orc:1    | Found Gohofus's Book Emporium.
 30953 | Orc:1    | Found Ziageirch's General Store.
 30959 | Orc:1    | Found Gifol's Gadget Shop.
 31089 | D:12     | Killed Borgoz's ghost
 31095 | D:12     | Killed Shadow153's ghost
 31095 | D:12     | Reached skill level 20 in Armour
 31264 | D:15     | Killed Borgoz's ghost
 31526 | Swamp:1  | Entered Level 1 of the Swamp
 31777 | Swamp:1  | Received a gift from Okawaru
 32069 | Swamp:1  | Noticed Nikola
 32088 | Swamp:1  | Killed Nikola
 32088 | Swamp:1  | Reached skill level 21 in Armour
 32375 | Swamp:2  | Received a gift from Okawaru
 33103 | Swamp:2  | Noticed a tentacled monstrosity
 33125 | Swamp:2  | Killed a tentacled monstrosity
 33279 | Swamp:3  | Found a runed translucent door.
 33285 | Swamp:3  | Noticed tilp's ghost (adept DrCj)
 33285 | Swamp:3  | Identified the cursed +1 spear of the Last Dreams {venom,
                  | *Contam +Fly rElec Int-3}
 33843 | Swamp:3  | Reached skill level 22 in Armour
 33873 | Swamp:3  | Received a gift from Okawaru
 35079 | Swamp:3  | HP: 7/159 [tilp's ghost (1)]
 35080 | Swamp:3  | Slain by a spriggan rider

Levels and vault maps discovered:
D:1:      dpeg_arrival_rhombus, layout_rooms
D:2:      layout_rooms, kennysheep_okawaru_gauntlet, lemuel_round_altar,
          first_ration
D:3:      layout_basic
D:4:      layout_loops_corners, grunt_temple_overflow_lords_of_destruction,
          serial_shops, shop
D:5:      layout_basic, grunt_ministairs_6
D:6:      layout_basic, overflow_temple_1_default, temple_doors_e,
          portal_sewer_entry_e, chequers_serial_rivers_small_b, uniq_sigmund,
          uniq_edmund, uniq_menkaure
D:7:      layout_loops_ring, nicolae_ru_the_path_less_chosen, nrook_uturn,
          uniq_pikel, uniq_prince_ribbit1
D:8:      gammafunk_the_bubble [the_bubble_gammafunk_plus_minus], layout_basic,
          marbit_many_paths
D:9:      minmay_evil_eye, layout_stronghold, lemuel_coloured_pillars_altar,
          kennysheep_mini, erik_lair_orcish_takeover, hangedman_ranch
          [blue_anna_fruit_fields]
D:10:     layout_stronghold, uniq_erolcha, uniq_fannar
D:11:     minmay_klotski, layout_loops_corners, serial_shops, shop,
          minmay_misc_feat_x
D:12:     layout_irregular_city, orc_0_dummy, gammafunk_ghost_cemetery,
          serial_glass, glass_columns_b, glass_columns_c, glass_columns_c,
          glass_columns_a, uniq_sonja
D:13:     minmay_clustersquares, layout_rooms, chequers_serial_rivers_large_b
D:14:     layout_stronghold, grunt_vaults_entry_fortified, minivault_28
D:15:     grunt_enter_depths_hoard, layout_basic, serial_park_square2,
          gammafunk_ghost_mausoleum
Lair:1:   lemuel_slime, layout_cave_pods, cheibrodos_lair_reptile_den, uniq_urug
Lair:2:   layout_hall_layers, spider_nest_entry_webs, serial_bayou_lagoon_a,
          chequers_serial_rivers_room_a, nicolae_quartered_pool_medium,
          serial_bayou_shore_b
Lair:3:   layout_loops_ring, skrybe_swamp_entry_bodies, uniq_snorg
Lair:4:   layout_roguey, uniq_kirke
Lair:5:   layout_layer_cave, minivault_27, uniq_rupert
Lair:6:   evil_forest, layout_cave_pods, dpeg_slime_entry_corner,
          gauntlet_entry_generic, uniq_nessos
Swamp:1:  layout_basic_swamp, hangedman_swamp_ruin_hall, uniq_nikola
Swamp:2:  cheibrodos_swamp_monstrosity, layout_falls_marsh,
          evilmike_swamp_ruin_rubble_2
Swamp:3:  layout_basic_swamp, ebering_ghost_funeral_grove,
          evilmike_swamp_ruin_house_5
Orc:1:    layout_diamond_mine, serial_shops, shop, shop, nicolae_shop_crystal,
          shop, basic_altar, uniq_jorgrun
Orc:2:    grunt_orc_gardens, layout_caves, grunt_orc_garden, grunt_orc_garden,
          grunt_orc_garden, grunt_orc_garden

Skill      XL: |  1  2  3  4  5  6  7  8  9 10 11 12 13 14 15 16 |
---------------+-------------------------------------------------+-----
Maces & Flails | 3 4 5 6 7 9 11 12 14 16 | 16.3
Invocations    | 3 7 8 |  8.0
Fighting       | 10 15 18 | 18.9
Armour         | 9 15 19 22 | 22.5
Shields        | |  3.6

Action                   |  1- 3 |  4- 6 |  7- 9 | 10-12 | 13-15 | 16-18 || total
-------------------------+-------+-------+-------+-------+-------+-------++-------
Melee: Flail             |    94 |   140 |   333 |    19 |       |       ||   586
       Headbutt          |    10 |    19 |    47 |   241 |   313 |   134 ||   764
       Whip              |       |       |       |   948 |    28 |       ||   976
       Dire flail        |       |       |       |       |   910 |   474 ||  1384
       Eveningstar       |       |       |       |       |    76 |       ||    76
Invok: Heroism           |       |       |    13 |    20 |    22 |     4 ||    59
       Finesse           |       |       |       |     2 |       |       ||     2
Evoke: Wand              |       |       |       |     1 |     2 |       ||     3
  Use: Potion            |     2 |       |     2 |     5 |     4 |     2 ||    15
       Scroll            |       |     8 |    10 |       |    20 |     8 ||    46
 Stab: Confused          |       |       |       |       |       |     1 ||     1
  Eat: Chunk             |     1 |     8 |     7 |    21 |    29 |     4 ||    70
       Ration            |       |       |     2 |     3 |     6 |     3 ||    14
Armor: Scale mail        |    40 |    44 |    45 |       |       |       ||   129
       Ring mail         |       |       |    16 |   234 |   189 |       ||   439
       Crystal plate arm |       |       |       |       |   450 |   396 ||   846
Dodge: Dodged            |    37 |    32 |    66 |   213 |   322 |   144 ||   814
Block: Shield            |    53 |    51 |   112 |   271 |    34 |       ||   521

Table legend:
 A = Non-vault XP
 B = Vault XP
 C = Vault XP percentage of total XP
 D = Non-vault monster count
 E = Vault monster count
 F = Vault count percentage of total count
                 A         B        C        D         E       F
            +---------+---------+-------+---------+---------+-------
      Total |  126061 |   87299 |  40.9 |     676 |     225 |  25.0
            +---------+---------+-------+---------+---------+-------
        D:1 |      34 |       0 |   0.0 |      17 |       0 |   0.0
        D:2 |      69 |       0 |   0.0 |      17 |       0 |   0.0
        D:3 |      51 |       0 |   0.0 |      15 |       0 |   0.0
        D:4 |     422 |      46 |   9.8 |      19 |       1 |   5.0
        D:5 |     473 |     129 |  21.4 |      21 |       1 |   4.5
        D:6 |     810 |     588 |  42.1 |      13 |      11 |  45.8
        D:7 |    1976 |     937 |  32.2 |      30 |       2 |   6.2
        D:8 |    1616 |     127 |   7.3 |      27 |       1 |   3.6
        D:9 |    5060 |    3398 |  40.2 |      50 |      24 |  32.4
       D:10 |    2071 |    1845 |  47.1 |      24 |       2 |   7.7
       D:11 |    4499 |    6688 |  59.8 |      28 |      11 |  28.2
       D:12 |    6590 |    2990 |  31.2 |      42 |       3 |   6.7
       D:13 |    2831 |    2248 |  44.3 |      12 |       8 |  40.0
       D:14 |    4147 |   13723 |  76.8 |      21 |      22 |  51.2
       D:15 |   14083 |    6941 |  33.0 |      40 |      14 |  25.9
     Lair:1 |    4333 |    2561 |  37.1 |      17 |      28 |  62.2
     Lair:2 |    4913 |       0 |   0.0 |      16 |       0 |   0.0
     Lair:3 |    6490 |    1367 |  17.4 |      19 |       2 |   9.5
     Lair:4 |    6887 |    2655 |  27.8 |      19 |       4 |  17.4
     Lair:5 |    4133 |    2882 |  41.1 |      13 |       1 |   7.1
     Lair:6 |    9820 |   11013 |  52.9 |      27 |      27 |  50.0
    Swamp:1 |   11300 |    4330 |  27.7 |      30 |       1 |   3.2
    Swamp:2 |    9986 |    3104 |  23.7 |      37 |       1 |   2.6
    Swamp:3 |   17161 |    1956 |  10.2 |      40 |       3 |   7.0
      Orc:1 |    3840 |    2877 |  42.8 |      38 |       1 |   2.6
      Orc:2 |    2466 |   11141 |  81.9 |      44 |      27 |  38.0
      Sewer |       0 |     256 | 100.0 |       0 |      17 | 100.0
   Gauntlet |       0 |    3497 | 100.0 |       0 |      13 | 100.0
            +---------+---------+-------+---------+---------+-------
